Description

Innovations build with early aggression into a widowmine, marine, marauder build.

Replay - lIIllllIIlll v Serral - King's Cove LE

Build Order

Get SALT Encoding   

  12  0:00  SCV  
  13  0:12  SCV  
  14  0:18  Supply Depot  
  14  0:24  SCV  
  15  0:39  SCV  
  15  0:41  Barracks  
  16  0:44  Refinery  
  16  0:51  SCV  
  17  1:03  SCV  
  18  1:15  SCV  
  19  1:28  Orbital Command, Reaper  
  20  1:41  Command Center  
  20  1:53  SCV, Supply Depot  
  21  1:59  Marine  
  22  2:05  SCV  
  23  2:09  Factory  
  23  2:15  Refinery  
  23  2:18  SCV  
  23  2:20  Barracks Reactor  
  26  2:54  Orbital Command  
  26  2:55  Starport  
  27  3:01  Hellion x2  
  32  3:07  Barracks Tech Lab  
  32  3:13  Liberator  
  33  3:23  Hellion x2  
  38  3:32  Supply Depot  
  41  3:40  Marine  
  44  3:50  Hellion  
  44  3:55  Hellion  
  48  3:58  Supply Depot  
  50  4:03  Liberator  
  50  4:11  Hellion  
  50  4:16  Hellion  
  54  4:23  Supply Depot  
  59  4:25  Stimpack, Marine  
  62  4:43  Command Center  
  62  4:45  Factory Tech Lab  
  63  4:47  Marine  
  65  5:01  Barracks  
  65  5:04  Starport Reactor  
  67  5:09  Marine  
  67  5:11  Barracks  
  60  5:20  Engineering Bay x2  
  61  5:32  Marine  
  58  5:39  Refinery x2  
  58  5:40  Siege Tank  
  59  5:48  Terran Infantry Armor Level 1, Terran Infantry Weapons Level 1  
  59  5:51  Marine x2  
  59  5:53  Starport Reactor  
  63  5:57  Orbital Command  
  63  6:01  Marine  
  66  6:06  Marine  
  68  6:15  Orbital Command  
  70  6:24  Factory Reactor, Barracks x2  
  74  6:26  Combat Shield  
  74  6:30  Medivac x2  
  88  6:55  Armory  
  88  6:58  Factory  
  88  6:59  Refinery x2  
  96  7:10  Widow Mine x2  
  96  7:12  Barracks Reactor x2  
  100  7:16  Medivac x2  
  98  7:33  Widow Mine x2  
  110  7:41  Missile Turret  
  110  7:43  Drilling Claws  
  112  7:44  Widow Mine  
  112  7:50  Terran Infantry Weapons Level 2  
  112  7:52  Terran Infantry Armor Level 2  
  112  7:56  Terran Vehicle And Ship Armor Level 1  
  112  7:57  Widow Mine x2  
  123  8:14  Missile Turret  
  123  8:17  Command Center  
  123  8:25  Medivac x2  
  123  8:26  Widow Mine x3  
  141  8:54  Concussive Shells  
  141  9:00  Medivac x2  
  154  9:12  Marauder  
  156  9:32  Planetary Fortress  
  156  9:36  Medivac x2  
  156  9:37  Marauder  
  154  9:55  Terran Vehicle And Ship Armor Level 2  
  154  9:59  Marauder  
Spawning Tool Build Advisor. Get it on Overwolf

Go to:

Details

  • Created by: JazzzOnYourFace
  • Published on: Aug 15, 2019
  • Modified on: Aug 15, 2019
  • Patch: 4.7.1
Show
View Real Time Build Order
Export as new Build Order

Comments (0)

There are no comments. Be the first!

Create an account to comment!